 Dungeon Crawl Stone Soup version 0.28.0-47-ge53b351184 (webtiles) character file.

Game seed: 1329384535798874243

2837 bobregger the Fighter (level 9, -5/102 HPs)
             Began as an Ogre Berserker on May 1, 2022.
             Was a Priest of Trog.
             Slain by an orc warrior
             ... wielding a +0 trident
              (8 damage)
             ... on level 7 of the Dungeon.
             The game lasted 00:09:57 (6809 turns).

bobregger the Fighter (Ogre Berserker)              Turns: 6809, Time: 00:09:57

Health: -5/102     AC:  3    Str: 29    XL:     9   Next: 74%
Magic:  9/9        EV: 10    Int:  8    God:    Trog [***...]
Gold:   278        SH:  0    Dex: 12    Spells: 8/8 levels left

rFire   + + .      SeeInvis .   p - +3 mace "Gitwuxti" {vamp, rN+ Stlth+}
rCold   . . .      Faith    .   (no shield)
rNeg    + . .      Spirit   .   b - +0 animal skin
rPois   .          Reflect  .   (helmet restricted)
rElec   .          Harm     .   g - scarf {rC+ rF+}
rCorr   .          Rampage  .   (gloves unavailable)
Will    ++...                   (boots unavailable)
Stlth   ++........              (no amulet)
HPRegen 1.27/turn               k - +6 ring of strength
MPRegen 0.11/turn               d - ring of fire

@: strong-willed, regenerating
A: large, unfitting armour, tough skin 1
a: Renounce Religion, Berserk, Trog's Hand


You were on level 7 of the Dungeon.
You worshipped Trog.
Trog was most pleased with you.
You visited 1 branch of the dungeon, and saw 7 of its levels.
You also visited: Sewer.

You collected 278 gold pieces.

Inventory:

Hand Weapons
 p - the +3 mace "Gitwuxti" (weapon) {vamp, rN+ Stlth+}
   (You found it on level 3 of the Dungeon)

   It occasionally heals its wielder for a portion of the damage dealt when it
   wounds a living foe.
   rN:        It protects you from negative energy.
   Stlth:     It makes you more stealthy.
Missiles
 o - 2 throwing nets (quivered)
Armour
 b - a +0 animal skin (worn)
 g - a scarf of resistance (worn)
Jewellery
 d - a ring of fire (right hand)
 k - a +6 ring of strength (left hand)
 A - an amulet of faith
Wands
 w - a wand of mindburst (20)
Scrolls
 e - 3 scrolls of magic mapping
 j - a scroll of amnesia
 m - a scroll of noise {unknown}
 n - 3 scrolls of enchant armour {unknown}
 q - a scroll of fear {unknown}
 r - 3 scrolls of brand weapon {unknown}
 u - a scroll of fog {unknown}
 v - 2 scrolls of teleportation {unknown}
 x - a scroll of immolation {unknown}
 y - 2 scrolls of enchant weapon {unknown}
 z - 3 scrolls of torment {unknown}
Potions
 c - a potion of heal wounds {unknown}
 f - 2 potions of cancellation
 h - a potion of ambrosia
 i - a potion of curing
 l - 2 potions of might
 s - 2 potions of magic
 t - 2 potions of attraction


   Skills:
 + Level 10.6 Fighting
 * Level 10.2 Maces & Flails
 - Level 2.6 Dodging


You had 8 spell levels left.
You didn't know any spells.
Your spell library was empty.

Dungeon Overview and Level Annotations

Branches:
Dungeon (7/15)             Temple (0/1) D:6           Sewer (visited)

Altars:
Dithmenos
Gozag
Hepliaklqana
Makhleb
Sif Muna
Trog
Uskayaw
Wu Jian

Shops:
D:5 =   D:6 :


Innate Abilities, Weirdness & Mutations

You are too large for most types of armour.
You have tough skin. (AC +1)


Message History

You hear some strange, mumbled words.
Something tries to affect you, but you resist.
The orc warrior hits you with a +0 war axe!
The orc warrior hits you from afar with a +0 trident!
An orc comes into view. It is wielding a +0 hand axe.
You hear some strange, mumbled words.
A puff of flame appears from out of thin air!
The puff of flame hits you. You resist.
You sock the orc warrior!
The orc warrior is moderately wounded.
The orc warrior hits you with a +0 war axe!
The orc warrior barely misses you.
You closely miss the orc warrior.
The orc warrior is moderately wounded.
The orc warrior hits you with a +0 war axe!
You hit the orc warrior.
You feel better.
The orc warrior is moderately wounded.
The orc warrior hits you from afar with a +0 trident!
The orc warrior closely misses you.
You closely miss the orc warrior.
The orc warrior is moderately wounded.
The orc warrior hits you from afar with a +0 trident.
* * * LOW HITPOINT WARNING * * *
Your skin crawls.
You feel strong-willed. The orc warrior barely misses you.
You barely miss the orc warrior.
The orc warrior is moderately wounded.
The orc warrior hits you with a +0 war axe!
* * * LOW HITPOINT WARNING * * *
The orc warrior hits you from afar with a +0 trident!
* * * LOW HITPOINT WARNING * * *
Okay, then.
As you read the scroll labelled RUCWOA JIUWO, it crumbles to dust.
It is a scroll of amnesia.
You feel forgetful for a moment.
The orc warrior hits you with a +0 war axe!
* * * LOW HITPOINT WARNING * * *
The orc warrior hits you from afar with a +0 trident!
You die...

..............>..............#.#
##.####..###.#........#.####.#.#
#.......# #.#.####......<.#.#.#
#.####.####.#.# #.......##.#.#
#...........#.# #..........#.#
#......#.##.#.# ###'#.######.#
#........##.#.# #.#........#
#.####.######.######.##########
#.#...........#@o....#
#.#.##.########.###### #.#.##.#
#o# ..#.##.# ######{########
#.##.# #....ooo....... #.##.#
#.....o######## #.##.# #......#
#.##.# #......# #.# #........


You could see 2 orc warriors and 4 orcs.

Vanquished Creatures
  Pikel (D:6)
  Sigmund (D:3)
  A vampire (D:6)
  Eustachio (D:4)
  A water moccasin (D:6)
  Pargi (Sewer)
  2 black bears (D:4)
  A sky beast (D:5)
  An ogre (D:4)
  2 necrophages
  A lemure (D:6)
  A phantom (D:5)
  2 bullfrogs
  2 gnoll sergeants
  3 scorpions
  A water moccasin skeleton (D:6)
  3 wights (D:6)
  A centaur zombie (D:6)
  A jelly (D:3)
  Crazy Yiuf (D:3)
  A bullfrog skeleton (D:7)
  2 orc wizards
  A hound skeleton (D:4)
  Robin (D:3)
  9 adders
  16 gnolls
  A shadow imp (D:7)
  A white imp (D:5)
  2 adder skeletons (D:4)
  2 worms
  4 dart slugs
  3 orcs
  8 endoplasms
  9 giant cockroaches
  11 goblins
  10 hobgoblins
  9 kobolds
  4 quokkas
  11 ball pythons
  2 bats
  10 frilled lizards
  5 rats
150 creatures vanquished.

Vanquished Creatures (others)
  32 plants
32 creatures vanquished.

Grand Total: 182 creatures vanquished

Notes
Turn   | Place    | Note
-------+----------+-------------------------------------------
     0 | D:1      | bobregger the Ogre Berserker began the quest for the Orb.
     0 | D:1      | Reached XP level 1. HP: 24/24 MP: 1/1
   402 | D:1      | Reached XP level 2. HP: 26/32 MP: 2/2
   934 | D:1      | Found a faded altar of an unknown god.
  1170 | D:2      | Reached XP level 3. HP: 35/40 MP: 3/3
  1343 | D:2      | Reached ** piety under Trog
  2054 | D:2      | Reached XP level 4. HP: 48/49 MP: 4/4
  2314 | D:3      | Reached skill level 5 in Fighting
  2814 | D:3      | Identified the +3 mace "Gitwuxti" {vamp, rN+ Stlth+}
  2820 | D:3      | Found a runed translucent door.
  2821 | D:3      | Noticed Crazy Yiuf
  2913 | D:3      | Found a hide-covered altar of Uskayaw.
  2913 | D:3      | Found an opulent altar of Gozag.
  2918 | D:3      | Found a shimmering blue altar of Sif Muna.
  2983 | D:3      | Killed Crazy Yiuf
  2984 | D:3      | Reached XP level 5. HP: 57/57 MP: 5/5
  3058 | D:3      | Found a burning altar of Makhleb.
  3072 | D:3      | Found a hazy altar of Hepliaklqana.
  3072 | D:3      | Noticed Sigmund
  3084 | D:3      | Killed Sigmund
  3085 | D:3      | Reached skill level 5 in Maces & Flails
  3085 | D:3      | Reached XP level 6. HP: 67/67 MP: 6/6
  3099 | D:3      | Noticed Robin
  3139 | D:3      | Killed Robin
  3139 | D:3      | Reached *** piety under Trog
  3613 | D:4      | Reached XP level 7. HP: 75/76 MP: 7/7
  3674 | D:4      | Found an ornate altar of the Wu Jian Council.
  3797 | D:4      | Noticed Eustachio
  3812 | D:4      | Killed Eustachio
  4052 | D:5      | Entered Level 5 of the Dungeon
  4110 | D:5      | Found a glowing drain.
  4151 | Sewer    | Entered a sewer
  4169 | Sewer    | Noticed Pargi
  4175 | Sewer    | Killed Pargi
  4176 | Sewer    | Reached XP level 8. HP: 88/88 MP: 8/8
  4497 | D:5      | Found Fausomar's Jewellery Boutique.
  5150 | D:5      | Found a bloodstained altar of Trog.
  5349 | D:5      | Found a shadowy altar of Dithmenos.
  5435 | D:6      | Noticed a vampire
  5441 | D:6      | Killed a vampire
  5518 | D:6      | Reached XP level 9. HP: 90/100 MP: 9/9
  5560 | D:6      | Found a staircase to the Ecumenical Temple.
  5738 | D:6      | You fall into a shaft and drop 1 floor!
  6166 | D:6      | Reached skill level 10 in Fighting
  6381 | D:6      | Found Xuwniogi's Book Shoppe.
  6392 | D:6      | Noticed Pikel
  6411 | D:6      | Killed Pikel
  6412 | D:6      | Reached skill level 10 in Maces & Flails
  6809 | D:7      | HP: 3/102 [orc warrior/+0 war axe (12)]
  6809 | D:7      | Slain by an orc warrior

Illustrated notes

Levels and vault maps discovered:
D:1:      scummos_arrival_star, layout_basic, dilly_ecumenical_altar_fadedgnrine
D:2:      layout_rooms, serial_bayou, serial_bayou_lake_a, serial_bayou_pond_e,
          serial_bayou_shore_b, serial_bayou_ford_a,
          chequers_serial_rivers_micro_a, minmay_three_crescents
D:3:      layout_rooms, general_overflow_altar,
          nicolae_hepliaklqana_hazy_memory, gammafunk_temple_overflow_claw,
          dk_noncrumbling_4, nicolae_elevator_lobby_asterisk, uniq_sigmund,
          uniq_robin, uniq_crazy_yiuf_cottage
D:4:      layout_rooms, kennysheep_little_box, serial_bayou_pond_d,
          grunt_ministairs_9, serial_park_tiny_1, uniq_eustachio
D:5:      layout_basic, nicolae_dithmenos_through_a_glass_darkly, bloody_trog,
          gup_sewer_entry_bowl, serial_shops, shop, nrook_campfire
D:6:      layout_loops_ring, minmay_temple_entry_sparse_star, serial_shops,
          kennysheep_mini, uniq_pikel
D:7:      layout_basic

Skill      XL: |  1  2  3  4  5  6  7  8  9 |
---------------+----------------------------+-----
Maces & Flails | 3 4 5 7 8 10 | 10.2
Fighting       | 5 6 7 9 10 | 10.6
Dodging        | |  2.6

Action                   |  1- 3 |  4- 6 |  7- 9 || total
-------------------------+-------+-------+-------++-------
Melee: Mace              |   117 |    91 |   214 ||   422
       Punch             |     2 |     1 |     3 ||     6
Invok: Berserk           |       |     4 |     8 ||    12
       Trog's Hand       |       |     1 |     2 ||     3
  Use: Scroll            |       |       |     9 ||     9
       Potion            |       |       |     1 ||     1
 Stab: Sleeping          |       |     1 |       ||     1
       Distracted        |       |       |     1 ||     1
Armor: Animal skin       |    34 |    27 |    52 ||   113
Dodge: Dodged            |    61 |    66 |   118 ||   245
